 Dungeon Crawl Stone Soup version 0.22-a0-305-gd21a89c (webtiles) character file.

423362 xccam the Severer (level 24, -4/200 HPs)
             Began as a Formicid Fighter on Mar 31, 2018.
             Was the Champion of Cheibriados.
             Killed from afar by a tengu reaver (22 damage)
             ... with a bolt of poison
             ... on level 3 of the Depths.
             The game lasted 01:57:07 (38289 turns).

xccam the Severer (Formicid Fighter)               Turns: 38289, Time: 01:57:08

Health: -4/200     AC: 25    Str: 46    XL:     24   Next: 91%
Magic:  35/35      EV: 29    Int: 21    God:    Cheibriados [******]
Gold:   3825       SH: 34    Dex: 35    Spells: 22/23 levels left

rFire    + + .     SeeInvis +   W - +3 battleaxe (flame)
rCold    + . .     Gourm    .   w - +2 large shield {rN+}
rNeg     + . .     Faith    .   J - +5 chain mail of the Ladybird {MR++ Str+4 Int-4 Dex+2}
rPois    .         Spirit   .   (helmet unavailable)
rElec    .         Reflect  +   C - scarf {rC+ rF+}
rCorr    .         Harm     .   b - +0 pair of gloves
MR       +++++                  Y - +0 pair of boots
Stlth    ..........             F - +5 amulet of reflection
HPRegen  0.43/turn              m - ring of protection from fire
MPRegen  0.24/turn              E - ring of protection from magic

@: lethally poisoned (-4 -> -38), studying Invocations, very slow
A: permanent stasis, dig shafts and tunnels, four strong arms, antennae 3,
yellow scales 1, agile 2, blurry vision 1
}: 2/15 runes: barnacled, gossamer
a: Dig, Shaft Self, Bend Time, Temporal Distortion, Slouch, Step From Time,
Renounce Religion


You were on level 3 of the Depths.
You worshipped Cheibriados.
Cheibriados was exalted by your worship.
You were not hungry.

You visited 7 branches of the dungeon, and saw 38 of its levels.
You visited the Abyss 1 time.
You also visited: Sewer and Ice Cave.

You collected 5079 gold pieces.
You spent 1254 gold pieces at shops.

Inventory:

Hand Weapons
 c - the +9 battleaxe of Cruel Justice {chop, rPois Str+4 Int+3 Dex+3}
   (You took it off a merfolk on level 4 of the Shoals)

   It inflicts extra damage upon your enemies.
   It affects your strength (+4).
   It affects your intelligence (+3).
   It affects your dexterity (+3).
   It protects you from poison.
 W - a +3 battleaxe of flaming (weapon)
Armour
 b - a +0 pair of gloves (worn)
 r - the +5 chain mail "Taulas" {*Slow rElec rF++ Dex+3}
   (You found it on level 8 of the Dungeon)

   It affects your dexterity (+3).
   It greatly protects you from fire.
   It insulates you from electricity.
   It may slow you when you take damage.
 w - a +2 large shield of positive energy (worn)
 C - a scarf of resistance (worn)
 J - the +5 chain mail of the Ladybird (worn) {MR++ Str+4 Int-4 Dex+2}
   (You found it on level 1 of the Spider Nest)

   It affects your strength (+4).
   It affects your intelligence (-4).
   It affects your dexterity (+2).
   It affects your resistance to hostile enchantments.
 Y - a +0 pair of boots (worn)
 Z - a scarf of cloud immunity
Jewellery
 m - a ring of protection from fire (left hand)
 q - an uncursed ring of poison resistance
 E - a ring of protection from magic (right hand)
 F - a +5 amulet of reflection (around neck)
 G - an uncursed ring of positive energy
 N - an uncursed amulet of magic regeneration
 O - an uncursed ring of resist corrosion
 R - an uncursed ring of fire {unknown}
 T - an uncursed ring of flight
 U - an uncursed ring of protection from cold
Wands
 a - a wand of disintegration (4)
 n - a wand of paralysis (15)
 v - a wand of iceblast (21)
 y - a wand of clouds (7)
 B - a wand of polymorph (46)
 I - a wand of enslavement (34)
 Q - a wand of acid (3)
Scrolls
 e - 13 scrolls of remove curse
 g - 6 scrolls of fear
 i - 5 scrolls of amnesia
 k - 3 scrolls of magic mapping
 l - 4 scrolls of holy word
 o - 5 scrolls of enchant weapon
 t - 3 scrolls of fog
 u - 6 scrolls of identify
 P - 2 scrolls of summoning
 S - 6 scrolls of enchant armour
 X - a scroll of brand weapon
Potions
 d - 3 potions of heal wounds
 h - 13 potions of curing
 j - a potion of magic
 p - 7 potions of flight
 s - 4 potions of mutation
 x - 4 potions of lignification
 z - 8 potions of might
 A - 3 potions of resistance
 D - 2 potions of invisibility
 H - 6 potions of agility
 K - 3 potions of cancellation
 L - a potion of ambrosia
Books
 V - a manual of Invocations
Comestibles
 f - 71 rations


   Skills:
 * Level 18.8 Fighting
 - Level 20.4 Axes
 - Level 2.0 Throwing
 * Level 18.8 Armour
 * Level 15.9 Dodging
 - Level 15.0 Shields
 + Level 16.4 Invocations


You had 22 spell levels left.
You knew the following spells:

 Your Spells              Type           Power        Failure   Level  Hunger
a - Apportation           Tloc           #.....       34%         1    ##.....


Dungeon Overview and Level Annotations

Branches:
Dungeon (15/15)            Temple (0/1) D:6            Lair (6/6) D:8
 Shoals (4/4) Lair:2       Spider (4/4) Lair:3        Slime (0/5) Lair:5
    Orc (2/2) D:11            Elf (0/3) Orc:2        Vaults (4/5) D:14
  Crypt (0/3) Vaults:2     Depths (3/5) D:15

Altars:
Ashenzari
Cheibriados
Dithmenos
Elyvilon
Hepliaklqana
Makhleb
Nemelex Xobeh
Okawaru
Qazlal
Ru
Sif Muna
Zin

Shops:
D:4 *   D:7 *   D:10 :   D:12 *   D:14 [%[((   Orc:2 *=[(*   Vaults:1 }?*%
Vaults:4 !:(}(   Depths:3 ?

Portals:
Hell: Depths:1 Depths:2 Depths:3
Pandemonium: Depths:3
Ziggurat: Depths:1

Annotations:
Lair:2 exclusion: oklob plant


Innate Abilities, Weirdness & Mutations

You cannot be hasted, slowed, berserked, paralysed or teleported.
You can dig through walls and to a lower floor.
Your four strong arms can wield two-handed weapons with a shield.
You have a pair of large antennae on your head. (SInv)
You are partially covered in yellow scales. (AC +2)
You are very agile. (Dex +4)
Scrolls take you a little longer to read.


Message History

* * * LOW HITPOINT WARNING * * *
Evoke which item? (* to show all) (? for menu, Esc to quit)
Aiming: Corrosive Bolt
Press: ? - help, Shift-Dir - straight line, f - tengu reaver
Aim: a tengu reaver, wielding a long sword of holy wrath, wearing a shiny ring mail and wearing a buckler (almost dead)
The bolt of acid hits the tengu reaver.
The tengu reaver is splashed with acid.
The tengu reaver is almost dead.
The bolt of acid misses the centaur warrior.
* * * LOW HITPOINT WARNING * * *
You feel very sick.
The vampire knight drinks a potion.
The vampire knight is healed!
You barely miss the tengu reaver.
The tengu reaver is almost dead.
You hit the vampire knight but do no damage.
* * * LOW HITPOINT WARNING * * *
You feel sick.
The tengu reaver points at you and mumbles some strange words.
The bolt of poison hits you!
You are more poisoned.
You die...

##.###..#≈....(....†)≈#≈........
#...##..#.....)8[...).(.....(8).
#.......#≈.........))≈#≈.....)..
#<...≈..#≈≈..8...8..≈≈#≈≈..8...8
##.....).#≈≈≈....(..≈≈≈#≈≈≈......
#........#≈≈≈≈.....≈≈≈≈#≈≈≈≈.....
#......(.#≈≈≈≈≈...≈≈≈≈≈#≈≈≈≈≈...≈
#.##..#..#≈≈≈≈≈≈V≈≈≈≈≈≈#≈≈≈≈≈≈.≈≈
#>....#..#######@################
##.......#≈≈≈≈≈≈Q≈≈≈≈≈≈#
..(......#≈≈≈≈≈.c.≈≈≈≈≈#
...#.....#≈≈≈≈...*.≈≈≈≈#
...#...#.#≈≈≈.......≈≈≈#
.......#.#≈≈..8...8..≈≈#
.........#≈....($.....≈#
#........#.....)8).....'
.........#


You could see a tengu reaver, a vampire knight, a centaur warrior and a
battlesphere.

Vanquished Creatures
  Sojobo (Vaults:4)
  Boris (Vaults:4)
  A golden dragon (Depths:3)
  Rupert (D:14)
  Asterion (Spider:3)
  A lich (Vaults:4)
  An Executioner (Abyss:1)
  A sphinx (Vaults:3)
  A tentacled starspawn (Abyss:1)
  Kirke (Lair:4)
  A storm dragon (Depths:3)
  4 tengu reavers
  Ilsuiw (Shoals:4)
  The ghost of kuniqs the Champion of Chaos, a journeyman DDFi of Makhleb (Shoals:3)
  4 fire giants
  An iron dragon (Depths:1)
  2 ghost moths (Spider:4)
  Louise (Shoals:3)
  6 frost giants
  6 emperor scorpions
  12 vault wardens
  A ghoul (Vaults:2)
  16 ironheart preservers
  A deep elf elementalist (Depths:3)
  A spriggan defender (Depths:3)
  6 entropy weavers
  13 stone giants
  2 vampire knights (Depths:1)
  4 deep elf demonologists
  20 very ugly things
  Nessos (Lair:6)
  A deep elf annihilator (Vaults:2)
  Azrael (Spider:3)
  5 dire elephants (Lair:6)
  A spark wasp (Spider:2)
  11 yaktaur captains
  4 ettins
  4 merfolk javelineers
  A deep elf death mage (Vaults:2)
  A crystal guardian (Vaults:2)
  9 merfolk impalers
  3 jiangshi (Depths:1)
  Josephine (Lair:5)
  3 fire dragons
  5 ice dragons
  A hell beast (Depths:1)
  10 great orbs of eyes
  Harold (Orc:1)
  2 rakshasas
  6 vault guards
  7 hydras
  5 merfolk avatars
  2 death knights
  14 ogre magi
  An anaconda (Lair:6)
  7 centaur warriors
  3 merfolk aquamancers (Shoals:4)
  2 alligator snapping turtles (Shoals:4)
  A queen ant (shapeshifter) (Depths:3)
  3 catoblepae
  5 tengu warriors
  A death yak (IceCv)
  43 two-headed ogres
  6 deep troll earth magi
  3 deep troll shamans
  A vampire mage (Depths:1)
  A spriggan berserker (Depths:3)
  2 soul eaters (Vaults:2)
  Sonja (Lair:4)
  2 thrashing horrors (Abyss:1)
  A hell knight (Depths:3)
  2 deep elf knights
  A sun demon (Depths:1)
  A wretched star (Abyss:1)
  3 spriggans (Depths:3)
  4 skeletal warriors (Vaults:1)
  A flayed ghost (Vaults:4)
  4 wizards
  3 unseen horrors
  A glowing orange brain (Depths:2)
  2 large abominations (Abyss:1)
  6 sea snakes
  31 deep trolls
  9 ironbrand convokers
  A tengu zombie (Vaults:2)
  3 phantasmal warriors
  10 orc knights
  3 deep elf archers
  2 harpies
  4 lindwurms (Lair:3)
  2 necromancers
  28 orb spiders
  The ghost of Oozefury the Ruffian, a novice BaTm of Cheibriados (D:6)
  2 wolf spider zombies (D:15)
  2 orc sorcerers
  The ghost of xccam the Cleaver, a novice FoFi (D:5)
  A salamander (shapeshifter) (Vaults:2)
  35 wolf spiders
  41 ugly things
  11 manticores
  16 deep elf magi
  2 frost giant zombies
  3 moths of wrath
  7 cyclopes
  A salamander (Depths:2)
  3 black mambas
  10 merfolk sirens
  10 fauns
  8 vault sentinels
  3 water nymphs
  2 apocalypse crabs (Abyss:1)
  A rust devil (Depths:1)
  A guardian serpent (Depths:2)
  2 torpor snails
  8 elephants (Lair:6)
  13 spiny frogs
  9 rime drakes
  A rime drake (shapeshifter) (Depths:2)
  4 komodo dragons
  4 freezing wraiths
  A smoke demon (Abyss:1)
  An efreet (D:13)
  17 demonic crawlers
  46 yaktaurs
  A yaktaur zombie (Depths:1)
  2 kobold demonologists
  An ancient zyme (Abyss:1)
  2 queen bees
  A tengu conjurer (Depths:1)
  55 jumping spiders
  18 merfolk
  14 trolls
  A queen bee (shapeshifter) (D:13)
  6 wind drakes
  Grinder (D:4)
  11 hornets
  11 polar bears (IceCv)
  A raiju (Abyss:1)
  A blink frog (shapeshifter) (D:13)
  7 snapping turtles
  2 dream sheep (Shoals:4)
  A dream sheep (shapeshifter) (Vaults:2)
  20 slime creatures
  3 blink frogs (Lair:1)
  23 hippogriffs
  A fire giant simulacrum (Depths:1)
  Sigmund (D:3)
  A spriggan zombie (Depths:1)
  65 redbacks
  A shadow (D:15)
  6 flying skulls (Depths:1)
  31 tarantellas
  21 water elementals
  2 vampires
  3 wraiths
  81 yaks
  7 hogs (Lair:4)
  10 wyverns
  5 fire elementals
  9 basilisks
  2 hungry ghosts
  A chaos spawn (Abyss:1)
  6 wargs
  A human simulacrum (Vaults:3)
  Menkaure (D:6)
  3 vampire mosquitoes (D:11)
  2 small abominations (Abyss:1)
  5 acid dragons
  14 water moccasins
  Edmund (D:4)
  4 hell hounds
  A soldier ant (D:13)
  Duvessa (D:6)
  An acid dragon (shapeshifter) (Depths:2)
  7 porcupines
  A necrophage (D:9)
  28 orc warriors
  4 ice beasts
  An eye of draining (shapeshifter) (Vaults:3)
  A swamp drake (D:11)
  A black bear (D:9)
  A phantom (D:8)
  50 wolves
  43 ogres
  14 boggarts
  16 centaurs
  22 crocodiles
  A human zombie (Vaults:2)
  13 bullfrogs
  5 big kobolds
  7 earth elementals (Depths:1)
  A gnoll sergeant (D:10)
  A glowing shapeshifter simulacrum (Vaults:2)
  Dowan (D:6)
  A wyvern skeleton (D:13)
  4 scorpions
  43 killer bees
  7 wights
  7 howler monkeys
  2 vampire bats (Lair:3)
  5 electric eels
  7 crimson imps
  16 starcursed masses (Abyss:1)
  7 centaur zombies
  6 jellies
  A quasit (D:8)
  2 bullfrog zombies
  3 centaur skeletons
  6 hounds
  11 orc priests
  2 bullfrog skeletons
  5 iguanas
  An iron imp (Depths:3)
  Terence (D:3)
  24 orc wizards
  6 hell rats (Lair:5)
  14 worker ants
  2 hound skeletons
  A hound zombie (D:9)
  A worker ant zombie (D:5)
  20 adders
  7 gnolls
  6 shadow imps
  A white imp (Abyss:1)
  An ufetubus (Abyss:1)
  6 oozes
  2 adder zombies
  An adder skeleton (D:4)
  2 worms
  4 dart slugs
  14 leopard geckos
  76 orcs
  9 giant cockroaches
  7 goblins
  4 hobgoblins
  11 jackals
  6 quokkas
  A ball python (Sewer)
  13 bats
  19 frilled lizards
  24 kobolds
  A leopard gecko zombie (D:3)
  6 rats
  5 fungi (Lair:5)
  14 plants
1815 creatures vanquished.

Vanquished Creatures (collateral kills)
  A plant (Lair:3)
1 creature vanquished.

Vanquished Creatures (others)
  2 stone giants
  5 merfolk javelineers
  2 yaktaur captains
  A centaur warrior (Depths:2)
  A deep elf archer (Vaults:3)
  2 manticores (Shoals:4)
  4 fauns
  2 wolf spiders (Spider:1)
  2 cyclopes
  A salamander (Depths:3)
  A black mamba (Lair:5)
  20 yaktaurs
  A merfolk (Shoals:4)
  2 jumping spiders (Spider:1)
  5 centaurs
  A bullfrog (Lair:5)
  An orc (Vaults:1)
  11 fungi
  13 plants
  5 starspawn tentacles (Abyss:1)
82 creatures vanquished.

Grand Total: 1898 creatures vanquished

Notes
Turn   | Place    | Note
-------+----------+-------------------------------------------
     0 | D:1      | xccam the Formicid Fighter began the quest for the Orb.
     0 | D:1      | Reached XP level 1. HP: 18/18 MP: 1/1
    63 | D:1      | Reached XP level 2. HP: 21/24 MP: 2/2
   265 | D:1      | Reached skill level 3 in Axes
   623 | D:2      | Reached XP level 3. HP: 26/29 MP: 3/3
   932 | D:2      | Reached skill level 4 in Axes
   932 | D:2      | Reached XP level 4. HP: 15/35 MP: 4/4
  1102 | D:2      | Found a snail-covered altar of Cheibriados.
  1110 | D:2      | Became a worshipper of Cheibriados the Contemplative
  1405 | D:2      | Found a sacrificial altar of Ru.
  1852 | D:3      | Found a glowing drain.
  1861 | D:3      | Reached XP level 5. HP: 40/41 MP: 5/5
  1891 | D:3      | Reached skill level 5 in Axes
  1940 | Sewer    | Entered a sewer
  1987 | Sewer    | Reached * piety under Cheibriados
  2888 | D:3      | Reached XP level 6. HP: 42/47 MP: 6/6
  2893 | D:3      | Reached skill level 6 in Axes
  3133 | D:3      | Noticed Terence
  3137 | D:3      | Killed Terence
  3166 | D:3      | Reached ** piety under Cheibriados
  3287 | D:3      | Noticed Sigmund
  3300 | D:3      | Killed Sigmund
  3300 | D:3      | Reached skill level 7 in Axes
  3300 | D:3      | Reached XP level 7. HP: 42/52 MP: 7/7
  3976 | D:4      | Reached skill level 8 in Axes
  4073 | D:4      | Reached XP level 8. HP: 54/58 MP: 8/8
  4086 | D:4      | Found Aloedag's Assorted Antiques.
  4120 | D:4      | Found an iron altar of Okawaru.
  4128 | D:4      | Reached *** piety under Cheibriados
  4206 | D:4      | Noticed Edmund
  4220 | D:4      | Killed Edmund
  4220 | D:4      | Reached skill level 9 in Axes
  4270 | D:4      | Noticed Grinder
  4294 | D:4      | Killed Grinder
  4401 | D:4      | You fall through a shaft for 2 floors!
  4432 | D:6      | Noticed Oozefury's ghost (novice BaTm)
  4444 | D:6      | Killed Oozefury's ghost
  4444 | D:6      | Reached skill level 10 in Axes
  4444 | D:6      | Reached XP level 9. HP: 45/64 MP: 9/9
  4454 | D:5      | Entered Level 5 of the Dungeon
  4482 | D:5      | Found a hazy altar of Hepliaklqana.
  4483 | D:5      | Got an encrusted scale mail
  4494 | D:5      | Identified the +3 scale mail of the Forest {Int+4} (You found it on level 5 of the Dungeon)
  4497 | D:5      | Found a white marble altar of Elyvilon.
  4638 | D:5      | Noticed xccam's ghost (novice FoFi)
  4662 | D:5      | Killed xccam's ghost
  4871 | D:5      | Found a stormy altar of Qazlal.
  5512 | D:5      | Found a sparkling altar of Nemelex Xobeh.
  5702 | D:6      | Noticed Menkaure
  5705 | D:6      | Noticed Duvessa
  5715 | D:6      | Reached **** piety under Cheibriados
  5723 | D:6      | Killed Duvessa
  5728 | D:6      | Killed Menkaure
  5733 | D:6      | Noticed Dowan
  5740 | D:6      | Killed Dowan
  5748 | D:6      | Found a glowing silver altar of Zin.
  5873 | D:6      | Found a staircase to the Ecumenical Temple.
  5881 | D:6      | Reached XP level 10. HP: 70/70 MP: 10/10
  6020 | D:6      | Found a shadowy altar of Dithmenos.
  6026 | D:6      | Reached skill level 1 in Dodging
  6033 | D:6      | Found a deep blue altar of Sif Muna.
  6647 | D:7      | Found a shattered altar of Ashenzari.
  6805 | D:7      | Reached skill level 5 in Fighting
  6805 | D:7      | Reached skill level 5 in Armour
  7036 | D:7      | Found Daraes's Assorted Antiques.
  7123 | D:7      | Found a burning altar of Makhleb.
  7780 | D:8      | Reached ***** piety under Cheibriados
  7831 | D:8      | Noticed a two-headed ogre
  7838 | D:8      | Killed a two-headed ogre
  8018 | D:8      | Found a staircase to the Lair.
  8248 | D:8      | Reached XP level 11. HP: 33/83 MP: 11/11
  8414 | D:8      | Got an ichor-stained chain mail
  8425 | D:8      | Identified the +5 chain mail "Taulas" {*Slow rElec rF++ Dex+3} (You found it on level 8 of the Dungeon)
  8764 | Lair:1   | Entered Level 1 of the Lair of Beasts
  8834 | D:9      | Reached skill level 1 in Invocations
  8944 | D:9      | Reached skill level 5 in Dodging
  9036 | D:9      | Reached ****** piety under Cheibriados
  9414 | D:9      | Reached skill level 5 in Invocations
  9497 | D:10     | Entered Level 10 of the Dungeon
  9845 | D:10     | Found Qiogesew's Book Emporium.
 10177 | D:11     | Noticed a brown ugly thing
 10183 | D:11     | Killed a brown ugly thing
 10192 | D:11     | Noticed an unseen horror
 10222 | D:11     | Killed an unseen horror
 10445 | D:11     | Reached XP level 12. HP: 92/92 MP: 17/17
 10786 | D:11     | Noticed a two-headed ogre
 10791 | D:11     | Killed a two-headed ogre
 10805 | D:11     | Noticed a two-headed ogre
 10814 | D:11     | Killed a two-headed ogre
 10814 | D:11     | Reached skill level 11 in Axes
 10858 | D:11     | Noticed a two-headed ogre
 10858 | D:11     | Noticed a two-headed ogre
 10866 | D:11     | Killed a two-headed ogre
 10868 | D:11     | Killed a two-headed ogre
 10932 | D:11     | Found a staircase to the Orcish Mines.
 11192 | Lair:1   | Reached skill level 12 in Axes
 11681 | Lair:1   | Reached skill level 13 in Axes
 11705 | Lair:1   | Reached XP level 13. HP: 93/99 MP: 19/19
 12091 | Lair:2   | Found a staircase to the Shoals.
 12119 | Lair:2   | Reached skill level 14 in Axes
 12269 | Lair:2   | Noticed a catoblepas
 12279 | Lair:2   | Killed a catoblepas
 12884 | Shoals:1 | Entered Level 1 of the Shoals
 13060 | Lair:3   | Reached skill level 15 in Axes
 13416 | Lair:3   | Found a hole to the Spider Nest.
 14022 | Lair:4   | Noticed a six-headed hydra
 14027 | Lair:4   | Noticed Kirke
 14031 | Lair:4   | Reached skill level 16 in Axes
 14036 | Lair:4   | Reached XP level 14. HP: 88/106 MP: 20/20
 14045 | Lair:4   | Killed Kirke
 14244 | Lair:4   | Reached skill level 17 in Axes
 14353 | Lair:4   | Noticed Sonja
 14370 | Lair:4   | Cast into level 1 of the Abyss (Sonja)
 14403 | Abyss:1  | Noticed a starcursed mass
 14472 | Abyss:1  | Noticed an Executioner
 14479 | Abyss:1  | Killed an Executioner
 14675 | Abyss:1  | Reached skill level 18 in Axes
 14704 | Abyss:1  | Noticed a starcursed mass
 14753 | Abyss:1  | Noticed a starcursed mass
 15092 | Abyss:1  | Noticed a tentacled starspawn
 15094 | Abyss:1  | Noticed a tentacled starspawn
 15098 | Abyss:1  | Killed a tentacled starspawn
 15102 | Lair:4   | Escaped the Abyss
 15106 | Lair:4   | Killed Sonja
 15215 | Lair:4   | Reached XP level 15. HP: 110/112 MP: 21/21
 15554 | Lair:4   | Got a jewelled ring mail
 15555 | Lair:4   | Identified the +1 ring mail of Byuhiova {Str-5 Dex+6} (You found it on level 4 of the Lair of Beasts)
 15771 | Lair:5   | Found a staircase to the Slime Pits.
 15840 | Lair:5   | Reached skill level 19 in Axes
 15865 | Lair:5   | Noticed Josephine
 15874 | Lair:5   | Killed Josephine
 16329 | Lair:6   | Entered Level 6 of the Lair of Beasts
 17018 | Lair:6   | Identified Gusobe's Catalogue of Unholy Flight
 17026 | Lair:6   | Identified a scroll of acquirement
 17271 | Lair:6   | Noticed Nessos
 17280 | Lair:6   | Killed Nessos
 17322 | Lair:6   | Reached skill level 20 in Axes
 17346 | Lair:6   | Reached skill level 1 in Throwing
 18176 | D:12     | Found Comets's General Store.
 18322 | D:13     | Reached XP level 16. HP: 88/120 MP: 22/22
 18519 | D:13     | Found a frozen archway.
 18535 | IceCv    | Entered an ice cave
 18748 | IceCv    | Gained mutation: Scrolls take you a little longer to read. [potion of mutation]
 18748 | IceCv    | Gained mutation: You are partially covered in yellow scales. (AC +2) [potion of mutation]
 18748 | IceCv    | Gained mutation: You are agile. (Dex +2) [potion of mutation]
 18748 | IceCv    | Gained mutation: You are very agile. (Dex +4) [potion of mutation]
 18905 | IceCv    | Noticed a frost giant
 18919 | IceCv    | Killed a frost giant
 19066 | D:13     | Reached skill level 10 in Fighting
 19070 | D:13     | Reached skill level 10 in Armour
 19278 | D:13     | Reached skill level 10 in Invocations
 19814 | D:14     | Found Olitog's Armour Shoppe.
 19847 | D:14     | Found a gate to the Vaults.
 20056 | D:14     | Found Orockak's Food Shop.
 20066 | D:14     | Found Meutuxko's Antique Armour Boutique.
 20083 | D:14     | Bought a glowing scarf for 200 gold pieces
 20093 | D:14     | Bought an embroidered scarf for 200 gold pieces
 20118 | D:14     | Found Iskitoko's Weapon Shop.
 20241 | D:14     | Noticed Rupert
 20251 | D:14     | Killed Rupert
 20417 | D:14     | Found Ytoirasm's Weapon Boutique.
 20659 | D:15     | Entered Level 15 of the Dungeon
 20679 | D:15     | Found a staircase to the Depths.
 21158 | D:15     | Reached XP level 17. HP: 130/130 MP: 25/25
 21383 | D:15     | Reached XP level 18. HP: 138/138 MP: 26/26
 21622 | Orc:1    | Entered Level 1 of the Orcish Mines
 21978 | Orc:2    | Entered Level 2 of the Orcish Mines
 21981 | Orc:2    | Found a staircase to the Elven Halls.
 22247 | Orc:2    | Found Biogu's General Store.
 22253 | Orc:2    | Found Itikhigu's Armour Shoppe.
 22278 | Orc:2    | Found Fonaoppo's Assorted Antiques.
 22302 | Orc:2    | Found Nyigue's Antique Weapon Shop.
 22347 | Orc:2    | Found Asiun's Jewellery Emporium.
 22701 | Orc:1    | Noticed Harold
 22711 | Orc:1    | Killed Harold
 23105 | Spider:1 | Entered Level 1 of the Spider Nest
 23142 | Spider:1 | Got a heavily runed large shield
 23145 | Spider:1 | Identified the -7 large shield of the Four Tables {rN+ MR+} (You found it on level 1 of the Spider Nest)
 23890 | Spider:1 | Got a polished chain mail
 23901 | Spider:1 | Identified the +5 chain mail of the Ladybird {MR++ Str+4 Int-4 Dex+2} (You found it on level 1 of the Spider Nest)
 24097 | Spider:2 | Reached XP level 19. HP: 141/147 MP: 28/28
 24153 | Spider:2 | Reached skill level 10 in Dodging
 24452 | Spider:3 | Noticed Azrael
 24465 | Spider:3 | Killed Azrael
 24495 | Spider:3 | Reached skill level 10 in Shields
 24650 | Spider:3 | Noticed Asterion
 24991 | Spider:3 | Killed Asterion
 25343 | Spider:4 | Entered Level 4 of the Spider Nest
 26357 | Spider:4 | Reached XP level 20. HP: 77/156 MP: 30/30
 26794 | Spider:4 | Got a gossamer rune of Zot
 28823 | Shoals:3 | Noticed Louise
 28849 | Shoals:3 | Killed Louise
 29085 | Shoals:3 | Noticed kuniqs's ghost (journeyman DDFi)
 29119 | Shoals:3 | Killed kuniqs's ghost
 29259 | Shoals:4 | Entered Level 4 of the Shoals
 29346 | Shoals:4 | Noticed Ilsuiw
 29383 | Shoals:4 | Killed Ilsuiw
 30026 | Shoals:4 | Got a steaming battleaxe {chop}
 30028 | Shoals:4 | Identified the +9 battleaxe of Cruel Justice {chop, rPois Str+4 Int+3 Dex+3} (You took it off a merfolk on level 4 of the Shoals)
 30712 | Shoals:4 | Reached skill level 15 in Shields
 30861 | Shoals:4 | Got a barnacled rune of Zot
 31212 | Vaults:1 | Entered Level 1 of the Vaults
 31244 | Vaults:1 | Reached XP level 21. HP: 132/164 MP: 31/31
 31294 | Vaults:1 | Found Qadavi's Gadget Shop.
 31444 | Vaults:1 | Found Exit's Food Shop.
 32011 | Vaults:1 | Found Gaiqanty's Magic Scroll Shop.
 32084 | Vaults:1 | Found Iveariacs's Assorted Antiques.
 32107 | Vaults:1 | Bought a potion of heal wounds for 195 gold pieces
 32107 | Vaults:1 | Bought a potion of curing for 117 gold pieces
 32314 | Vaults:1 | Reached skill level 15 in Armour
 32535 | Vaults:2 | Reached skill level 15 in Fighting
 32565 | Vaults:2 | Found a staircase to the Crypt.
 33010 | Vaults:2 | Reached XP level 22. HP: 160/176 MP: 32/32
 34902 | Vaults:4 | Found Voribeok's Antique Weapon Shop.
 35195 | Vaults:4 | Reached XP level 23. HP: 172/186 MP: 33/33
 35390 | Vaults:4 | Found Vekhlo Xairo's Gadget Shop.
 35490 | Vaults:4 | Found Acusaen's Book Shop.
 35491 | Vaults:4 | Noticed Sojobo
 35519 | Vaults:4 | Killed Sojobo
 35534 | Vaults:4 | Found Usexori's Distillery.
 35542 | Vaults:4 | Bought 2 potions of heal wounds for 200 gold pieces
 35542 | Vaults:4 | Bought a potion of heal wounds for 100 gold pieces
 35542 | Vaults:4 | Bought a potion of heal wounds for 100 gold pieces
 35583 | Vaults:4 | Noticed Boris
 35597 | Vaults:4 | Killed Boris
 35699 | Vaults:4 | Found Tauxokhla's Antique Weapon Boutique.
 36293 | Depths:1 | Entered Level 1 of the Depths
 36445 | Depths:1 | Found a gateway to Hell.
 36528 | Depths:1 | Identified the Grimoire of Confrontation
 36580 | Depths:1 | Reached skill level 15 in Dodging
 36651 | Depths:1 | Reached skill level 15 in Invocations
 36735 | Depths:1 | Reached XP level 24. HP: 152/197 MP: 34/34
 36818 | Depths:1 | Found a gateway to a ziggurat.
 37663 | Depths:2 | Found the ring of Robustness {AC+8}
 37933 | Depths:3 | Found a sacrificial altar of Ru.
 38046 | Depths:3 | Found Wiynirir's Magic Scroll Shop.
 38065 | Depths:3 | Bought a scroll of enchant weapon for 142 gold pieces
 38072 | Depths:3 | Found a shattered altar of Ashenzari.
 38138 | Depths:3 | Found a one-way gate leading to the halls of Pandemonium.
 38196 | Depths:3 | Learned a level 1 spell: Apportation
 38257 | Depths:3 | Noticed a golden dragon
 38278 | Depths:3 | Killed a golden dragon
 38286 | Depths:3 | HP: 10/200 [vampire knight/vampiric draining (8)]
 38289 | Depths:3 | Killed from afar by a tengu reaver

Vault maps used:
D:1:      evilmike_arrival_run_for_it
D:2:      cheibriados_altar_1, lemuel_coloured_pillars_altar
D:3:      portal_sewer_entry_f, uniq_terence, uniq_sigmund
D:4:      okawaru_altar_gauntlet_db, serial_shops, shop, first_ration,
          uniq_edmund, uniq_grinder
D:5:      nemelex_xobeh_ov_fountains_minmay, grunt_qazlal_clouds,
          chequers_temple_overflow_statue_of_worship, minmay_misc_feat_tower
D:6:      grunt_dithmenos_smoke_and_mirrors, zin_scriptorium, led_sif_book,
          minmay_temple_entry_purple_smoke, uniq_duvessa, uniq_menkaure
D:7:      ashenzari_conservatory_becter, bloody_makhleb, serial_shops, shop
D:8:      minmay_lair_entry_lava
D:9:      david_nohive_1
D:10:     serial_shops, kennysheep_mini_moat
D:11:     erik_orc_1
D:12:     serial_shops, shop
D:13:     cheibrodos_ideogram_h, portal_ice_cave_entry_pillars_2
D:14:     david_vaults_2, roderic_lattice_octagonal_star, serial_shops,
          nicolae_shop_trees, nicolae_shop_crystal, nicolae_shop_waterfront,
          kennysheep_little_box, nicolae_shop_overgrown_old_shop, uniq_rupert
D:15:     hangedman_depths_entry_civil_slaughter, nicolae_two_hexagons
Lair:1:   grunt_megastairs_4
Lair:2:   elwin_shoals_entry_stream, serial_bayou_ford_a,
          nicolae_quartered_pool_super, minmay_lair_oklob_bushes,
          serial_bayou_pond_e, serial_bayou_shore_a
Lair:3:   lemuel_reptile_caves, nicolae_spider_entry_orb_guardian,
          roderic_batcave, serial_bayou_pond_c, minmay_lindwurm_lava,
          infiniplex_staircase_pool
Lair:4:   special_room, grunt_forest_large_clearings, serial_bayou_shore_b,
          serial_bayou_shore_b, grunt_megastairs_3, uniq_sonja, uniq_kirke
Lair:5:   nicolae_slime_entry_slimehenge, uniq_josephine
Lair:6:   due_jungle_book, uniq_nessos
Shoals:1: overgrown_tower
Shoals:2: nicolae_shoals_arrival_archipelago, uniq_polyphemus
Shoals:3: uniq_louise
Shoals:4: shoals_end_grunt_ice, shoals_ilsuiw_alternative
Spider:1: nicolae_spider_mines_3
Spider:3: uniq_asterion, uniq_azrael
Spider:4: spider_rune_water, hangedman_spider_tarantella_strand
Orc:1:    uniq_harold
Orc:2:    st_orc_open, enter_volcano_3, serial_shops, nicolae_shop_stone
Vaults:1: nicolae_vaults_little_squares_1, nicolae_vaults_little_squares_3,
          v_misc_14, hangedman_vaults_stretched_pinwheel,
          ontoclasm_vaults_shuriken, st_spiral_rooms, v_pattern_2,
          nicolae_vaults_yaktaur_gun_rack, nicolae_vaults_little_squares_3,
          hangedman_vaults_corner_blocks, vaults_dpeg_cross,
          vaults_mumra_minichess_inversion, serial_shops,
          nicolae_shop_behind_doors, shop_coins, shop, shop
Vaults:2: nicolae_vaults_network_square, minmay_crypt_entry_simple_plaza,
          ontoclasm_vaults_misaligned, nicolae_vaults_little_ls,
          vaults_room_grid, v_misc_8, v_misc_8, nicolae_vaults_triangles,
          hangedman_vaults_variations, hangedman_vaults_capsules
Vaults:3: hangedman_vaults_corner, nicolae_vaults_border_crossing, v_misc_23,
          nicolae_vaults_alarming, vaults_dpeg_ring, dpeg_vaults_monster_row
Vaults:4: hangedman_vaults_pinch, vaults_room_pools,
          nicolae_vaults_network_star, grunt_vaults_hallway_long,
          vaults_room_ringed_pool, v_misc_2, v_misc_8, hangedman_vaults_slice,
          v_misc_19, ontoclasm_vaults_idyll, grunt_vaults_funnel,
          vaults_room_door_ring, vaults_room_octagon,
          nicolae_vaults_little_squares_5, vaults_room_corners, serial_shops,
          shop, shop, shop, shop, shop, uniq_boris, uniq_sojobo
Depths:1: enter_ziggurat_c, grunt_mini_vestibule, grunt_ministairs_14,
          hangedman_cracks_in_the_wall
Depths:2: nicolae_whirlpool, grunt_hell_entry_dis_grunt,
          minmay_misc_feat_square, stair_cage_line, fake_guardian_serpent_vault,
          infiniplex_staircase_pool_1
Depths:3: kennysheep_four_of_diamonds, rand_demon_pan_entry_3, serial_shops,
          shop, hell_entry, minmay_misc_feat_more_columns,
          mumra_transporter_accident, minivault_14, hangedman_feature_mirror,
          brannock_guarded_unrand_thermic_engine
Sewer:    sewer_co_scattered_pipes
IceCv:    ice_cave_caverns_02

Skill      XL: |  1  2  3  4  5  6  7  8  9 10 11 12 13 14 15 16 17 18 19 20 21 22 23 24 |
---------------+-------------------------------------------------------------------------+-----
Axes           | 3 4 5 7 8 10 13 16 18 20 | 20.4
Shields        | 9 11 15 | 15.0
Dodging        | 4 6 8 9 10 11 12 14 15 | 15.9
Fighting       | 6 8 9 10 11 12 13 15 16 17 18 | 18.8
Armour         | 6 8 9 10 12 13 15 16 17 18 | 18.8
Invocations    | 6 8 10 11 12 13 14 15 16 | 16.4
Throwing       | 2 |  2.0

Action                   |  1- 3 |  4- 6 |  7- 9 | 10-12 | 13-15 | 16-18 | 19-21 | 22-24 || total
-------------------------+-------+-------+-------+-------+-------+-------+-------+-------++-------
Melee: War axe           |    68 |   230 |   274 |   836 |    77 |       |       |       ||  1485
       Battleaxe         |       |       |       |       |   718 |   685 |  1174 |   861 ||  3438
Invok: Temporal Distorti |       |       |       |       |       |    10 |     1 |       ||    11
       Step From Time    |       |       |       |       |       |     2 |     2 |       ||     4
       Slouch            |       |       |       |       |       |       |    10 |       ||    10
       Bend Time         |       |       |       |       |       |       |     1 |       ||     1
 Abil: Dig               |       |       |       |       |       |     1 |       |       ||     1
Evoke: Wand              |       |       |       |     2 |     4 |     4 |     9 |     2 ||    21
  Use: Potion            |       |       |     3 |     2 |     1 |     6 |     1 |     3 ||    16
       Scroll            |       |       |       |    20 |    13 |    11 |     1 |     3 ||    48
 Stab: Distracted        |       |       |     1 |       |     1 |       |       |     3 ||     5
       Confused          |       |       |       |     1 |       |       |       |       ||     1
       Petrified         |       |       |       |       |       |       |       |     4 ||     4
  Eat: Chunk             |       |     6 |     5 |     6 |    11 |     8 |     9 |     7 ||    52
       Ration            |       |       |       |     2 |     1 |     2 |     3 |     2 ||    10
Armor: Scale mail        |    34 |    88 |    66 |    28 |       |       |       |       ||   216
       Chain mail        |       |       |       |   145 |   224 |   190 |   215 |    88 ||   862
Dodge: Dodged            |    19 |    66 |    68 |   335 |   369 |   416 |   529 |   327 ||  2129
Block: Shield            |    31 |   119 |   152 |   642 |   592 |   485 |   662 |       ||  2683
       Buckler           |       |       |       |       |       |    66 |       |       ||    66
       Large shield      |       |       |       |       |       |       |   724 |  1063 ||  1787
       Reflection        |       |       |       |       |       |       |   150 |   197 ||   347

Table legend:
 A = Spawn XP
 B = Non-spawn XP
 C = Spawn XP percentage of total XP
 D = Spawn monster count
 E = Non-spawn monster count
 F = Spawn count percentage of total count
 G = Total turns spent on level
                    A         B        C        D         E        F      G
               +---------+---------+-------+---------+---------+-------+---------
         Total |    5768 |  741612 |   0.8 |      13 |    1832 |   0.7 | 38289
               +---------+---------+-------+---------+---------+-------+---------
           D:1 |       0 |      22 |   0.0 |       0 |      11 |   0.0 |   613
           D:2 |       0 |     109 |   0.0 |       0 |      23 |   0.0 |  1231
           D:3 |       0 |     464 |   0.0 |       0 |      31 |   0.0 |   831
           D:4 |       0 |     860 |   0.0 |       0 |      22 |   0.0 |  1108
           D:5 |       0 |    1074 |   0.0 |       0 |      19 |   0.0 |   874
           D:6 |       0 |    1566 |   0.0 |       0 |      21 |   0.0 |   937
           D:7 |       0 |     970 |   0.0 |       0 |      16 |   0.0 |  1187
           D:8 |       0 |    2954 |   0.0 |       0 |      42 |   0.0 |  1260
           D:9 |       0 |    3656 |   0.0 |       0 |      51 |   0.0 |   746
          D:10 |       0 |     416 |   0.0 |       0 |      13 |   0.0 |   821
          D:11 |       0 |    9360 |   0.0 |       0 |      73 |   0.0 |  1032
          D:12 |       0 |    6799 |   0.0 |       0 |      33 |   0.0 |   596
          D:13 |       0 |   13206 |   0.0 |       0 |      49 |   0.0 |  1051
          D:14 |       0 |   11110 |   0.0 |       0 |      33 |   0.0 |   958
          D:15 |       0 |   15912 |   0.0 |       0 |      31 |   0.0 |   883
        Lair:1 |       0 |    6269 |   0.0 |       0 |      27 |   0.0 |   850
        Lair:2 |       0 |    6903 |   0.0 |       0 |      30 |   0.0 |  1106
        Lair:3 |       0 |    8200 |   0.0 |       0 |      62 |   0.0 |  1264
        Lair:4 |       0 |   18532 |   0.0 |       0 |      79 |   0.0 |   933
        Lair:5 |       0 |    6508 |   0.0 |       0 |      33 |   0.0 |   711
        Lair:6 |       0 |   18322 |   0.0 |       0 |      36 |   0.0 |  1206
      Shoals:1 |       0 |   10759 |   0.0 |       0 |      21 |   0.0 |  1033
      Shoals:2 |       0 |    6933 |   0.0 |       0 |      13 |   0.0 |   374
      Shoals:3 |       0 |   11436 |   0.0 |       0 |      18 |   0.0 |  1241
      Shoals:4 |       0 |   37865 |   0.0 |       0 |      61 |   0.0 |   881
      Spider:1 |       0 |   23349 |   0.0 |       0 |      56 |   0.0 |   768
      Spider:2 |       0 |   19261 |   0.0 |       0 |      53 |   0.0 |   788
      Spider:3 |       0 |   22794 |   0.0 |       0 |      52 |   0.0 |   591
      Spider:4 |       0 |   44156 |   0.0 |       0 |     102 |   0.0 |  1965
         Orc:1 |       0 |    2498 |   0.0 |       0 |      16 |   0.0 |   634
         Orc:2 |       0 |   18937 |   0.0 |       0 |      69 |   0.0 |   643
      Vaults:1 |       0 |   62020 |   0.0 |       0 |     103 |   0.0 |  1339
      Vaults:2 |       0 |   48404 |   0.0 |       0 |      72 |   0.0 |  1156
      Vaults:3 |       0 |   54819 |   0.0 |       0 |      67 |   0.0 |  1310
      Vaults:4 |       0 |   61752 |   0.0 |       0 |      81 |   0.0 |  1247
      Depths:1 |       0 |   67839 |   0.0 |       0 |     104 |   0.0 |   850
      Depths:2 |       0 |   45007 |   0.0 |       0 |      55 |   0.0 |   740
      Depths:3 |       0 |   51091 |   0.0 |       0 |      61 |   0.0 |   406
       Abyss:1 |    5768 |    7528 |  43.4 |      13 |      22 |  37.1 |   732
         Sewer |       0 |      83 |   0.0 |       0 |      22 |   0.0 |   934
         IceCv |       0 |   11869 |   0.0 |       0 |      49 |   0.0 |   459
               +---------+---------+-------+---------+---------+-------+---------
